 Dungeon Crawl Stone Soup version 0.31-a0-702-gf82c85558f (webtiles) character file.

Game seed: 12164179943803786031

413 qw the Shooter (level 6, -4/38 HPs)
             Began as a Gargoyle Hunter on Sept 7, 2023.
             Slain by a gnoll
             ... wielding a +0 halberd
             ... led by a gnoll bouda
              (6 damage)
             ... on level 4 of the Dungeon.
             The game lasted 00:01:14 (2705 turns).

qw the Shooter (Gargoyle Hunter)                    Turns: 2705, Time: 00:01:15

Health: -4/38      AC: 12    Str: 15    XL:     6   Next: 91%
Magic:  6/6        EV: 11    Int:  9    God:
Gold:   181        SH:  0    Dex: 15    Spells: 5/5 levels left

rFire   . . .        Y - +0 shortbow
rCold   . . .        (shield currently unavailable)
rNeg    + . .        d - +0 ring mail
rPois   inf          i - +2 helmet
rElec   +            (no cloak)
rCorr   .            (no gloves)
SInv    .            (no boots)
Will    .....        (no amulet)
Stlth   +            (no ring)
HPRegen 0.26/turn    (no ring)
MPRegen 0.10/turn

%: no passive effects
@: no status effects
A: sickness immunity, AC +4, negative energy resistance 1, electricity
resistance, torment resistance 1, petrification resistance
a: no special abilities


You were on level 4 of the Dungeon.
You visited 1 branch of the dungeon, and saw 4 of its levels.

You collected 181 gold pieces.


Innate Abilities, Weirdness & Mutations

You are immune to sickness and miasma.
Your stone body is resilient. (AC +4)
You are immune to poison.
You resist negative energy. (rN+)
You are resistant to electric shocks. (rElec)
You are resistant to unholy torment.
You are immune to petrification.


   Skills:
 - Level 4.0 Fighting
 + Level 7.2 Ranged Weapons
 - Level 1.0 Armour
 - Level 1.5 Dodging
 - Level 1.1 Stealth


You had 5 spell levels left.
You didn't know any spells.
Your spell library was empty.

Inventory:

Hand Weapons
 Y - a +0 shortbow (weapon)
Armour
 d - a +0 ring mail (worn)
 i - a +2 helmet (worn)
Jewellery
 l - a ring of ice
Scrolls
 f - a scroll of identify
Potions
 b - a potion of cancellation {unknown}
 c - a potion of degeneration {unknown}
 e - a potion of heal wounds {unknown}
 h - 2 potions of might
 j - a potion of curing

Dungeon Overview and Level Annotations

Branches:
Dungeon (4/15)
 Temple: D:4-7

Altars:

Shops:
D:3 (:


Message History

The arrow barely misses the gnoll bouda.
The gnoll bouda hits you but does no damage.
You shoot an arrow.
The arrow barely misses the gnoll bouda.
The gnoll bouda hits you from afar with a +0 spear.
You shoot an arrow. The arrow hits the gnoll bouda.
The gnoll bouda is severely wounded.
The gnoll bouda gazes fiercely through you!
You feel your attacks grow feeble. The gnoll bouda completely misses you.
A gnoll comes into view. It is wielding a +0 mace.
The gnoll shouts!
You shoot an arrow. The arrow hits the gnoll bouda.
You kill the gnoll bouda!
You hear a shout!
You shoot an arrow. The arrow closely misses the gnoll.
The gnoll closely misses you.
You shoot an arrow. The arrow completely misses the gnoll.
The gnoll hits you but does no damage.
You shoot an arrow. The arrow hits the gnoll.
The gnoll is moderately wounded.
The gnoll hits you from afar with a +0 halberd!
The gnoll hits you with a +0 mace. The gnoll barely misses you.
You shoot an arrow. The arrow hits the gnoll!
The gnoll is severely wounded.
The gnoll hits you with a +0 mace. The gnoll hits you but does no damage.
A hobgoblin comes into view.
You shoot an arrow. The arrow hits the gnoll!
You kill the gnoll!
The gnoll hits you from afar with a +0 halberd!
You shoot an arrow. The arrow hits the gnoll!
The gnoll is heavily wounded.
Your attacks no longer feel as feeble.
The gnoll hits you from afar with a +0 halberd.
You shoot an arrow. The arrow hits the gnoll.
The gnoll is almost dead.
The gnoll hits you from afar with a +0 halberd.
You shoot an arrow. The arrow closely misses the gnoll.
The gnoll hits you from afar with a +0 halberd.
You die...

###.# #.## ####
#.###..#
#...########......##
.g......#....###...##
#......#....####...####
#)..........#.........#
#....gg..####.####..#.#
##)..##.......#..>#
#@..##.#.###.#####
#...##.#.###.#
#...##...#...#
#...).......##
#...........######
###.........#.....
#.........#.####
#.........#.#
#...........#


You could see a gnoll and a hobgoblin.

Vanquished Creatures
  Pargi (D:4)
  2 orc priests (D:3)
  A gnoll bouda (D:4)
  A sleepcap (D:4)
  An orc wizard (D:3)
  4 gnolls
  4 adders
  2 worms
  4 dart slugs
  5 orcs (D:3)
  8 endoplasms
  3 giant cockroaches
  10 goblins
  14 hobgoblins
  2 jackals (D:1)
  A quokka (D:2)
  9 ball pythons
  5 bats
  3 frilled lizards
  9 kobolds
  4 rats
93 creatures vanquished.

Notes
Turn   | Place    | Note
-------+----------+-------------------------------------------
     0 | D:1      | qw the Gargoyle Hunter began the quest for the Orb.
     0 | D:1      | Reached XP level 1. HP: 12/12 MP: 1/1
     0 | D:1      | 0 ||| qw: Version: 0.3-a-76-g4403597
     0 | D:1      | 0 ||| qw: Game counter: 813
     0 | D:1      | 0 ||| qw: Melee chars always use a shield: true
     0 | D:1      | 0 ||| qw: God list: Okawaru
     0 | D:1      | 0 ||| qw: Allow faded altars: false
     0 | D:1      | 0 ||| qw: Do Orc after clearing Dungeon:15 true
     0 | D:1      | 0 ||| qw: Do second Lair branch before Depths: true
     0 | D:1      | 0 ||| qw: Lair rune preference: random
     0 | D:1      | 0 ||| qw: Goals: Normal
     0 | D:1      | 0 ||| PLANNING D:1-11
    88 | D:1      | Reached XP level 2. HP: 17/17 MP: 2/2
   379 | D:1      | Reached XP level 3. HP: 21/21 MP: 3/3
   386 | D:1      | Reached skill level 5 in Ranged Weapons
  1128 | D:1      | 1128 ||| UPGRADING to +0 ring mail.
  1138 | D:1      | 1138 ||| DROPPING +0 leather armour.
  1139 | D:1      | 1139 ||| UPGRADING to +2 helmet.
  1144 | D:1      | 1144 ||| READING 2 scrolls labelled LIUPO UNLIG.
  1145 | D:1      | 1145 ||| READING 3 scrolls labelled MAWAET FOOSKY.
  1146 | D:1      | 1146 ||| READING scroll labelled FOLITW ZASSI.
  1147 | D:1      | 1147 ||| READING scroll labelled QUTSAU MICE.
  1148 | D:1      | 1148 ||| READING scroll labelled QILLAN WUROLYP.
  1149 | D:1      | 1149 ||| DRINKING 2 coppery potions.
  1150 | D:1      | 1150 ||| READING 2 scrolls of identify.
  1150 | D:1      | 1150 ||| IDENTIFYING inky potion
  1151 | D:1      | 1151 ||| DROPPING scroll of revelation.
  1152 | D:1      | 1152 ||| DROPPING scroll of butterflies.
  1308 | D:2      | Reached skill level 1 in Armour
  1482 | D:2      | Reached XP level 4. HP: 27/27 MP: 4/4
  1531 | D:2      | Reached skill level 3 in Fighting
  1671 | D:2      | 1671 ||| DROPPING amulet of magic regeneration.
  1672 | D:2      | 1672 ||| READING scroll labelled MAT CUC ITHRUFY.
  1807 | D:3      | Reached XP level 5. HP: 32/32 MP: 5/5
  1871 | D:3      | 1871 ||| FLEEEEING.
  1885 | D:3      | Found Rafecw's Weapon Boutique.
  1930 | D:3      | Reached skill level 6 in Ranged Weapons
  2040 | D:3      | Found Ewneeg's Book Shoppe.
  2096 | D:3      | 2096 ||| Stepping ~*~*~tactically~*~*~ (outnumbered).
  2121 | D:3      | Reached XP level 6. HP: 14/38 MP: 6/6
  2312 | D:3      | 2312 ||| READING 2 scrolls of identify.
  2312 | D:3      | 2312 ||| IDENTIFYING clear potion
  2313 | D:3      | 2313 ||| DROPPING potion of berserk rage.
  2354 | D:4      | 2354 ||| Stepping ~*~*~tactically~*~*~ (outnumbered).
  2355 | D:4      | 2355 ||| Stepping ~*~*~tactically~*~*~ (outnumbered).
  2361 | D:4      | 2361 ||| Stepping ~*~*~tactically~*~*~ (outnumbered).
  2570 | D:4      | Noticed Pargi
  2596 | D:4      | Killed Pargi
  2597 | D:4      | Reached skill level 7 in Ranged Weapons
  2601 | D:4      | 2601 ||| FLEEEEING.
  2602 | D:4      | 2602 ||| FLEEEEING.
  2603 | D:4      | 2603 ||| FLEEEEING.
  2692 | D:4      | 2692 ||| Stepping ~*~*~tactically~*~*~ (outnumbered).
  2703 | D:4      | HP: 7/38 [gnoll/+0 halberd[a gnoll bouda] (6)]
  2704 | D:4      | HP: 2/38 [gnoll/+0 halberd[a gnoll bouda] (5)]
  2705 | D:4      | Slain by a gnoll

Levels and vault maps discovered:
D:1:      wheals_arrival_linesprint, layout_basic, lemuel_flame_loot_1
D:2:      layout_rooms, kennysheep_big_empty_room, minmay_increasing_density
D:3:      layout_rooms, serial_shops, shop, nicolae_shop_statue_plus,
          grunt_ministairs_8
D:4:      layout_basic, mainiacjoe_overflow_cross_hatched,
          general_overflow_altar, sigmund_army, uniq_pargi, uniq_menkaure,
          uniq_ijyb

Skill      XL: |  1  2  3  4  5  6 |
---------------+-------------------+-----
Ranged Weapons | 5 6 7 |  7.2
Armour         | 1 |  1.0
Fighting       | 3 4 |  4.0
Dodging        | |  1.5
Stealth        | |  1.1

Action                     |  1- 3 |  4- 6 || total
---------------------------+-------+-------++-------
   Fire: Shortbow          |   124 |   207 ||   331
    Use: Scroll            |     6 |     2 ||     8
         Potion            |     1 |       ||     1
 Armour: Leather armour    |    12 |       ||    12
         Ring mail         |     6 |   142 ||   148
  Dodge: Dodged            |    22 |    82 ||   104

Table legend:
 A = Non-vault XP
 B = Vault XP
 C = Vault XP percentage of total XP
 D = Non-vault monster count
 E = Vault monster count
 F = Vault count percentage of total count
                 A         B        C        D         E       F
            +---------+---------+-------+---------+---------+-------
      Total |     434 |     157 |  26.6 |      77 |      16 |  17.2
            +---------+---------+-------+---------+---------+-------
        D:1 |      54 |       0 |   0.0 |      29 |       0 |   0.0
        D:2 |      26 |      11 |  29.7 |      13 |       7 |  35.0
        D:3 |     233 |       4 |   1.7 |      28 |       2 |   6.7
        D:4 |     121 |     142 |  54.0 |       7 |       7 |  50.0
            +---------+---------+-------+---------+---------+-------
